[ AOE2 MATCH · #473015948 ]
UnrankedBengalis vs Britons
Player's team · LOSS
Rival team · WIN
[ REPLAY ANALYSIS · EXTRACTED FROM THE RECORDED GAME ]
Feudal
11:21
Castle
15:55
Imperial
—
| APM avg | 61.3 |
| APM peak | 97 |
| eAPM avg | 34.9 |
| Villagers / military | 122 / 122 |
Focus
⚔️ 43.4% · 🌾 56.6%
Ratha (Ranged) ×82 · Armored Elephant ×27 · Monk ×7 · Mangonel ×5 · Scorpion ×1
Feudal
9:42
Castle
19:07
Imperial
44:52
| APM avg | 53.0 |
| APM peak | 90 |
| eAPM avg | 28.9 |
| Villagers / military | 165 / 194 |
Focus
⚔️ 38.5% · 🌾 61.5%
Archer ×83 · Skirmisher ×57 · Spearman ×26 · Scout Cavalry ×13 · Longbowman ×7 · Militia ×3
Match map
Initial resources + every placement click. Lines = walls · curves = elevation contours. ◆ gold · ⬟ stone · ● berries · ✦ relic · ◌ wall gap
Your base· ✓ Closed at 15:55 · 30t walls · no gate
Oii's base· ✓ Closed at 19:07 · 18t walls · 1 gate(s)
Smoothed initial terrain · ◌ = detected wall gap · hover for details
Inputs per minute
— ilPlantigrado - - Oii
Build order — ilPlantigrado
First 150 of 405 actions detected
| 0:00 | Create | Villager (Male) |
| 0:00 | Create | Villager (Male) |
| 0:01 | Create | Villager (Male) |
| 0:01 | Create | Villager (Male) |
| 0:02 | Build | House |
| 0:03 | Build | House |
| 1:27 | Create | Villager (Male) |
| 1:27 | Create | Villager (Male) |
| 1:44 | Build | Lumber Camp |
| 1:59 | Create | Villager (Male) |
| 2:15 | Create | Villager (Male) |
| 2:15 | Create | Villager (Male) |
| 2:51 | Create | Villager (Male) |
| 2:52 | Create | Villager (Male) |
| 3:04 | Create | Villager (Male) |
| 3:05 | Create | Villager (Male) |
| 3:35 | Create | Villager (Male) |
| 3:35 | Create | Villager (Male) |
| 4:01 | Build | House |
| 4:08 | Create | Villager (Male) |
| 4:09 | Create | Villager (Male) |
| 4:22 | Build | Palisade Wall |
| 4:28 | Create | Villager (Male) |
| 4:28 | Create | Villager (Male) |
| 4:31 | Build | Mill |
| 4:37 | Create | Villager (Male) |
| 4:37 | Create | Villager (Male) |
| 5:11 | Create | Villager (Male) |
| 5:11 | Create | Villager (Male) |
| 5:24 | Create | Villager (Male) |
| 5:24 | Create | Villager (Male) |
| 6:02 | Build | House |
| 6:11 | Create | Villager (Male) |
| 6:11 | Create | Villager (Male) |
| 6:24 | Create | Villager (Male) |
| 6:37 | Build | House |
| 6:53 | Build | Palisade Wall |
| 7:06 | Build | Palisade Wall |
| 7:11 | Create | Villager (Male) |
| 7:14 | Build | Mining Camp |
| 7:20 | Build | Palisade Wall |
| 7:31 | Create | Villager (Male) |
| 7:35 | Build | Farm |
| 7:37 | Build | Farm |
| 7:45 | Build | Palisade Wall |
| 7:54 | Build | Palisade Wall |
| 8:19 | Create | Villager (Male) |
| 8:28 | Create | Villager (Male) |
| 8:58 | Build | Mining Camp |
| 9:03 | Research | Feudal Age |
| 9:03 | Research | Feudal Age |
| 9:32 | Create | Villager (Male) |
| 10:20 | Create | Villager (Male) |
| 10:50 | Build | Palisade Wall |
| 10:53 | Build | Palisade Wall |
| 11:13 | Build | Palisade Wall |
| 11:13 | Build | Palisade Wall |
| 11:21 | Age | Feudal Age |
| 11:25 | Research | Loom |
| 11:25 | Research | Loom |
| 11:36 | Build | House |
| 11:42 | Create | Villager (Male) |
| 11:44 | Build | Watch Tower |
| 12:04 | Build | Market |
| 12:07 | Build | Blacksmith |
| 12:17 | Create | Villager (Male) |
| 12:40 | Build | House |
| 13:15 | Research | Castle Age |
| 13:15 | Research | Castle Age |
| 13:27 | Build | House |
| 13:28 | Build | House |
| 13:52 | Research | Double-Bit Axe |
| 13:52 | Research | Double-Bit Axe |
| 14:11 | Research | Horse Collar |
| 14:14 | Build | Farm |
| 14:15 | Build | Farm |
| 14:16 | Build | Farm |
| 14:20 | Build | Farm |
| 15:53 | Create | Villager (Male) |
| 15:54 | Create | Villager (Male) |
| 15:55 | Age | Castle Age |
| 15:56 | Research | Bow Saw |
| 15:56 | Research | Bow Saw |
| 16:26 | Build | Castle |
| 16:32 | Build | Palisade Wall |
| 16:42 | Create | Villager (Male) |
| 16:45 | Build | Monastery |
| 16:46 | Build | Farm |
| 16:47 | Build | Farm |
| 16:48 | Build | Farm |
| 16:49 | Create | Villager (Male) |
| 16:58 | Build | Farm |
| 17:00 | Build | Farm |
| 17:14 | Create | Villager (Male) |
| 17:29 | Create | Monk |
| 17:42 | Create | Ratha (Ranged) |
| 17:42 | Create | Ratha (Ranged) |
| 17:54 | Create | Ratha (Ranged) |
| 18:00 | Create | Villager (Male) |
| 18:05 | Build | Farm |
| 18:06 | Build | Farm |
| 18:20 | Build | House |
| 18:22 | Create | Ratha (Ranged) |
| 18:37 | Create | Villager (Male) |
| 18:39 | Build | Farm |
| 18:39 | Build | Farm |
| 18:40 | Create | Villager (Male) |
| 18:49 | Build | House |
| 18:56 | Create | Villager (Male) |
| 19:02 | Create | Villager (Male) |
| 19:05 | Create | Villager (Male) |
| 19:15 | Build | Farm |
| 19:17 | Create | Monk |
| 19:19 | Create | Ratha (Ranged) |
| 19:19 | Create | Ratha (Ranged) |
| 19:38 | Build | Lumber Camp |
| 19:50 | Create | Villager (Male) |
| 19:53 | Create | Ratha (Ranged) |
| 19:58 | Create | Villager (Male) |
| 20:09 | Research | Wheelbarrow |
| 20:09 | Research | Wheelbarrow |
| 20:23 | Create | Villager (Male) |
| 20:25 | Build | Farm |
| 20:27 | Create | Monk |
| 21:23 | Build | Siege Workshop |
| 21:29 | Create | Ratha (Ranged) |
| 21:29 | Create | Ratha (Ranged) |
| 21:41 | Create | Monk |
| 21:44 | Create | Villager (Male) |
| 21:48 | Build | Mining Camp |
| 22:17 | Create | Villager (Male) |
| 22:18 | Create | Mangonel |
| 22:19 | Build | House |
| 22:38 | Create | Armored Elephant |
| 22:39 | Create | Armored Elephant |
| 22:41 | Create | Villager (Male) |
| 22:42 | Create | Ratha (Ranged) |
| 22:54 | Research | Padded Archer Armor |
| 23:09 | Create | Villager (Male) |
| 23:11 | Create | Armored Elephant |
| 23:18 | Build | Barracks |
| 23:26 | Create | Ratha (Ranged) |
| 23:26 | Create | Ratha (Ranged) |
| 23:29 | Create | Ratha (Ranged) |
| 23:30 | Create | Ratha (Ranged) |
| 23:46 | Create | Armored Elephant |
| 23:50 | Create | Villager (Male) |
| 23:50 | Create | Villager (Male) |
| 24:19 | Create | Villager (Male) |
| 24:27 | Create | Ratha (Ranged) |
Build order — Oii
First 150 of 560 actions detected
| 0:00 | Create | Villager (Male) |
| 0:00 | Create | Villager (Male) |
| 0:02 | Build | House |
| 0:02 | Build | House |
| 0:52 | Create | Villager (Male) |
| 0:52 | Create | Villager (Male) |
| 0:52 | Create | Villager (Male) |
| 1:23 | Build | Lumber Camp |
| 1:34 | Create | Villager (Male) |
| 1:45 | Create | Villager (Male) |
| 2:28 | Create | Villager (Male) |
| 2:46 | Create | Villager (Male) |
| 2:55 | Create | Villager (Male) |
| 3:33 | Create | Villager (Male) |
| 3:50 | Build | House |
| 3:59 | Create | Villager (Male) |
| 4:08 | Create | Villager (Male) |
| 4:23 | Build | House |
| 4:29 | Build | Mill |
| 4:53 | Create | Villager (Male) |
| 5:04 | Create | Villager (Male) |
| 5:08 | Build | Palisade Wall |
| 5:12 | Create | Villager (Male) |
| 6:12 | Create | Villager (Male) |
| 6:34 | Create | Villager (Male) |
| 6:58 | Create | Villager (Male) |
| 7:19 | Build | Palisade Wall |
| 7:25 | Research | Feudal Age |
| 7:31 | Build | Barracks |
| 8:39 | Build | Mining Camp |
| 8:50 | Build | Mining Camp |
| 9:02 | Create | Militia |
| 9:02 | Create | Militia |
| 9:02 | Create | Militia |
| 9:08 | Build | House |
| 9:17 | Research | Loom |
| 9:42 | Age | Feudal Age |
| 9:49 | Build | Watch Tower |
| 9:55 | Research | Man-at-Arms (upgrade) |
| 10:09 | Create | Villager (Male) |
| 10:09 | Create | Villager (Male) |
| 10:13 | Research | Double-Bit Axe |
| 10:26 | Build | Watch Tower |
| 10:41 | Research | Horse Collar |
| 10:44 | Build | House |
| 10:50 | Create | Villager (Male) |
| 10:54 | Build | Palisade Gate |
| 11:04 | Create | Villager (Male) |
| 11:09 | Create | Villager (Male) |
| 11:36 | Create | Villager (Male) |
| 11:44 | Build | Farm |
| 11:46 | Build | Farm |
| 11:48 | Build | Farm |
| 12:01 | Create | Villager (Male) |
| 12:18 | Build | Palisade Wall |
| 12:19 | Build | Palisade Wall |
| 12:20 | Build | Palisade Wall |
| 12:20 | Build | Palisade Wall |
| 12:21 | Build | Palisade Wall |
| 12:21 | Build | Palisade Wall |
| 12:22 | Build | Palisade Wall |
| 12:22 | Build | Palisade Wall |
| 12:23 | Build | Palisade Wall |
| 12:23 | Build | Palisade Wall |
| 12:24 | Build | Palisade Wall |
| 12:38 | Build | Farm |
| 12:40 | Build | Farm |
| 12:41 | Build | Farm |
| 12:43 | Build | Farm |
| 12:49 | Build | Farm |
| 12:54 | Build | Farm |
| 12:56 | Create | Villager (Male) |
| 13:01 | Build | Palisade Wall |
| 13:02 | Build | Palisade Wall |
| 13:12 | Create | Villager (Male) |
| 13:14 | Build | House |
| 13:22 | Build | Farm |
| 13:34 | Create | Villager (Male) |
| 13:40 | Build | Blacksmith |
| 14:10 | Build | Farm |
| 14:16 | Build | Market |
| 14:20 | Create | Villager (Male) |
| 14:20 | Create | Villager (Male) |
| 14:49 | Build | Mining Camp |
| 14:55 | Create | Villager (Male) |
| 15:07 | Build | House |
| 15:29 | Create | Villager (Male) |
| 16:02 | Create | Villager (Male) |
| 16:27 | Research | Castle Age |
| 16:50 | Create | Villager (Male) |
| 17:00 | Research | Stone Mining |
| 17:27 | Create | Villager (Male) |
| 17:31 | Build | Archery Range |
| 17:47 | Create | Villager (Male) |
| 18:24 | Build | Archery Range |
| 18:25 | Research | Fletching |
| 18:27 | Create | Archer |
| 18:27 | Create | Archer |
| 18:45 | Create | Villager (Male) |
| 19:07 | Age | Castle Age |
| 19:10 | Research | Bodkin Arrow |
| 19:17 | Build | Town Center |
| 19:22 | Research | Bow Saw |
| 19:30 | Create | Archer |
| 19:37 | Create | Archer |
| 19:37 | Create | Archer |
| 19:49 | Build | House |
| 19:55 | Create | Archer |
| 19:55 | Create | Archer |
| 20:18 | Research | Wheelbarrow |
| 20:23 | Create | Archer |
| 20:31 | Create | Archer |
| 21:05 | Create | Villager (Male) |
| 21:07 | Create | Archer |
| 21:07 | Create | Archer |
| 21:15 | Create | Villager (Male) |
| 21:16 | Create | Villager (Male) |
| 21:21 | Build | Castle |
| 21:27 | Build | Palisade Wall |
| 21:33 | Create | Archer |
| 21:37 | Create | Villager (Male) |
| 21:37 | Create | Villager (Male) |
| 21:45 | Build | Farm |
| 21:47 | Build | Farm |
| 21:59 | Create | Villager (Male) |
| 22:14 | Create | Archer |
| 22:14 | Create | Archer |
| 22:24 | Build | Outpost |
| 22:31 | Create | Archer |
| 22:31 | Create | Archer |
| 22:38 | Build | Farm |
| 22:39 | Create | Villager (Male) |
| 22:39 | Create | Villager (Male) |
| 22:55 | Build | Outpost |
| 22:58 | Build | Mining Camp |
| 23:02 | Research | Town Watch |
| 23:05 | Build | House |
| 23:06 | Build | House |
| 23:06 | Build | House |
| 23:15 | Create | Villager (Male) |
| 23:15 | Create | Villager (Male) |
| 23:24 | Create | Longbowman |
| 23:25 | Create | Longbowman |
| 23:36 | Research | Crossbowman (upgrade) |
| 23:51 | Create | Villager (Male) |
| 23:55 | Create | Longbowman |
| 24:16 | Create | Villager (Male) |
| 24:16 | Create | Villager (Male) |
| 24:23 | Create | Archer |
| 24:23 | Create | Archer |
Match timeline
| 4:22 | ilPlantigrado · wall_segment Palisade Wall x13 |
| 5:08 | Oii · wall_segment Palisade Wall x9 |
| 6:53 | ilPlantigrado · wall_segment Palisade Wall x1 |
| 7:06 | ilPlantigrado · wall_segment Palisade Wall x1 |
| 7:19 | Oii · wall_segment Palisade Wall x1 |
| 7:20 | ilPlantigrado · wall_segment Palisade Wall x1 |
| 7:31 | Oii · first_building Barracks |
| 7:45 | ilPlantigrado · wall_segment Palisade Wall x10 |
| 7:54 | ilPlantigrado · wall_segment Palisade Wall x1 |
| 9:42 | Oii · age_up feudal |
| 10:50 | ilPlantigrado · wall_segment Palisade Wall x3 |
| 10:53 | ilPlantigrado · wall_segment Palisade Wall x10 |
| 11:13 | ilPlantigrado · wall_segment Palisade Wall x1 |
| 11:13 | ilPlantigrado · wall_segment Palisade Wall x1 |
| 11:21 | ilPlantigrado · age_up feudal |
| 12:18 | Oii · wall_segment Palisade Wall x1 |
| 12:19 | Oii · wall_segment Palisade Wall x1 |
| 12:20 | Oii · wall_segment Palisade Wall x1 |
| 12:20 | Oii · wall_segment Palisade Wall x1 |
| 12:21 | Oii · wall_segment Palisade Wall x1 |
| 12:21 | Oii · wall_segment Palisade Wall x1 |
| 12:22 | Oii · wall_segment Palisade Wall x1 |
| 12:22 | Oii · wall_segment Palisade Wall x1 |
| 12:23 | Oii · wall_segment Palisade Wall x1 |
| 12:23 | Oii · wall_segment Palisade Wall x1 |
| 12:24 | Oii · wall_segment Palisade Wall x1 |
| 13:01 | Oii · wall_segment Palisade Wall x1 |
| 13:02 | Oii · wall_segment Palisade Wall x1 |
| 15:23 | ilPlantigrado · first_market_buy 100 stone |
| 15:55 | ilPlantigrado · age_up castle |
| 16:00 | Oii · first_market_sell 100 wood |
| 16:26 | ilPlantigrado · first_building Castle |
| 16:32 | ilPlantigrado · wall_segment Palisade Wall x1 |
| 16:45 | ilPlantigrado · first_building Monastery |
| 17:31 | Oii · first_building Archery Range |
| 19:07 | Oii · age_up castle |
| 21:21 | Oii · first_building Castle |
| 21:23 | ilPlantigrado · first_building Siege Workshop |
| 21:27 | Oii · wall_segment Palisade Wall x1 |
| 23:18 | ilPlantigrado · first_building Barracks |
| 23:28 | ilPlantigrado · first_market_sell 100 wood |
| 24:40 | ilPlantigrado · first_building Stable |
| 26:11 | ilPlantigrado · wall_segment Palisade Wall x1 |
| 27:15 | Oii · first_market_buy 100 wood |
| 30:39 | Oii · first_building Stable |
| 31:31 | Oii · first_building Siege Workshop |
| 38:37 | Oii · wall_segment Palisade Wall x1 |
| 43:24 | Oii · first_building Monastery |
| 44:52 | Oii · age_up imperial |
| 46:23 | ilPlantigrado · resign |
[ AI ANALYSIS · 1 CREDIT ]
What really happened in this match?
Wolo.gg analyzes every decision: build order, eco, micro, common mistakes by bracket. Personalized analysis on WhatsApp or Discord in 30 seconds.
Civ guide
Bengalis
Perfil
Jugador #3335738